 Dungeon Crawl Stone Soup version 0.26.1-11-gd32895ea62 (webtiles) character file.

Game seed: 3533391469166515643

8943 Tirrikindir the Carver (level 11, -1/73 HPs)
             Began as an Octopode Fighter on June 8, 2021.
             Was an Initiate of Gozag.
             Slain by a red ugly thing (22 damage)
             ... on level 11 of the Dungeon.
             The game lasted 00:25:43 (13480 turns).

Tirrikindir the Carver (Octopode Fighter)          Turns: 13480, Time: 00:25:44

Health: -1/73      AC:  1    Str: 17    XL:     11   Next: 38%
Magic:  11/11      EV: 16    Int: 11    God:    Gozag
Gold:   772        SH: 20    Dex: 13    Spells: 10/10 levels left

rFire    . . .     SeeInvis +   s - +1 scimitar (vorpal)
rCold    + . .     Faith    .   b - +4 kite shield
rNeg     . . .     Spirit   .   (helmet restricted)
rPois    +         Reflect  +   m - amulet of reflection (curse)
rElec    .         Harm     .   t - ring of resist corrosion
rCorr    +         Rampage  .   B - ring of poison resistance
Will     .....                  (no ring)
Stlth    +++++.....             (no ring)
HPRegen  0.22/turn              (no ring)
MPRegen  0.12/turn              (no ring)
                                (no ring)
                                (no ring)

@: no status effects
A: almost no armour, stealthy swim, amphibious, 8 rings, constrict 8, camouflage
1, see invisible, cold resistance 1, gelatinous body 1
a: Renounce Religion, Potion Petition, Call Merchant, Bribe Branch


You were on level 11 of the Dungeon.
You worshipped Gozag.
Gozag was pleased with you.
You visited 2 branches of the dungeon, and saw 12 of its levels.

You collected 2554 gold pieces.
You spent 682 gold pieces at shops.
You paid 1100 gold pieces to Gozag.

Inventory:

Hand Weapons
 c - a +0 scimitar of flaming
 s - a +1 vorpal scimitar (weapon)
 A - the +4 short sword "Setid" {drain, Int+4 Dex+5}
   (You bought it in a shop on level 5 of the Dungeon)

   A truly terrible weapon, it drains the life of those it strikes.
   It affects your intelligence (+4).
   It affects your dexterity (+5).
Missiles
 d - 13 boomerangs (quivered)
Armour
 b - a +4 kite shield (worn)
Jewellery
 m - a cursed amulet of reflection (around mantle)
 t - a ring of resist corrosion (left tentacle)
 B - a ring of poison resistance (right tentacle)
Wands
 a - a wand of paralysis (3)
 p - a wand of flame (23)
 r - a wand of iceblast (10)
 z - a wand of acid (11)
 C - a wand of enslavement (8)
 D - a wand of disintegration (13)
Scrolls
 h - 2 scrolls of fog
 j - 8 scrolls of teleportation
 k - 8 scrolls of remove curse
 l - a scroll of magic mapping
 u - a scroll of blinking
 v - a scroll of fear {unknown}
 w - 3 scrolls of amnesia
 y - a scroll of enchant weapon {unknown}
 E - a scroll of immolation {unknown}
Potions
 e - 8 potions of curing
 f - 2 potions of heal wounds
 g - 2 potions of brilliance
 i - a potion of ambrosia
 n - 3 potions of lignification
 o - 2 potions of flight
 q - 7 potions of haste
 x - a potion of invisibility


   Skills:
 + Level 6.3 Fighting
 * Level 10.5 Long Blades
 * Level 8.0 Dodging
 + Level 8.0 Stealth
 * Level 8.0 Shields
 + Level 5.5 Evocations


You had 10 spell levels left.
You didn't know any spells.
Your spell library contained the following spells:

 Spells                   Type           Power        Failure   Level
 Confusing Touch          Hex            0%           95%         3
 Gell's Gravitas          Tloc           0%           95%         3
 Petrify                  Tmut/Erth      0%           100%        4
 Metabolic Englaciation   Hex/Ice        0%           100%        5
 Yara's Violent Unravell  Hex/Tmut       0%           100%        5


Dungeon Overview and Level Annotations

Branches:
Dungeon (11/15)            Temple (1/1) D:5            Lair (0/6) D:11
    Orc (0/2) D:11

Altars:
Ashenzari
Cheibriados
Dithmenos
Elyvilon
Fedhas
Gozag
Hepliaklqana
Kikubaaqudgha
Makhleb
Nemelex Xobeh
Okawaru
Qazlal
Ru
Sif Muna
Trog
Uskayaw
Vehumet
Wu Jian
Xom
Yredelemnul
Zin
The Shining One

Shops:
D:5 (   D:8 (   D:10 *   D:11 (


Innate Abilities, Weirdness & Mutations

You cannot wear most types of armour.
You are very stealthy in the water. (Stealth+)
You are amphibious.
You can wear up to eight rings at the same time.
You can use your tentacles to constrict eight enemies at once.
Your skin changes colour to match your surroundings (Stealth+).
Your rubbery body absorbs attacks. (AC +1, EV +1)
You have supernaturally acute eyesight. (SInv)
Your flesh is cold resistant. (rC+)


Message History

You hit the red ugly thing.
The red ugly thing is moderately wounded.
You constrict the red ugly thing. You block the red ugly thing's attack.
You completely miss the red ugly thing.
The red ugly thing is moderately wounded.
You constrict the red ugly thing. You block the red ugly thing's attack.
You hit the red ugly thing.
The red ugly thing is heavily wounded.
You constrict the red ugly thing. The red ugly thing tentacle-slaps you!
You are engulfed in flames!
* * * LOW HITPOINT WARNING * * *
You feel much better.
You constrict the red ugly thing. The red ugly thing tentacle-slaps you!
You are engulfed in flames!
You hit the red ugly thing.
The red ugly thing is severely wounded.
You constrict the red ugly thing. The red ugly thing tentacle-slaps you.
* * * LOW HITPOINT WARNING * * *
You are engulfed in flames!!
You die...
Your body crumbles into a pile of gold.

#.#######.##.## #.#.#
#.......#.. #.#.#
#.###...P.. #.#.#
#.###...... #.#.#
#.##.......
#.#.###.#........
######.#.....#....P...
#........####.........
#...u@......[.........
#........###..P...∩.>^
#........# #..........
#........# #..........
#..≈.....# #.......(.♣
#........# ##......P..
#........# ###.......
#........# ##......
###.P..


You could see a red ugly thing.

Vanquished Creatures
  Erica (D:11)
  An ugly thing (D:11)
  A komodo dragon (D:11)
  2 trolls
  5 wyverns
  9 yaks
  3 water moccasins (D:11)
  2 ice beasts (D:7)
  2 orc warriors
  2 sky beasts
  6 black bears
  6 ogres
  2 wolves (D:11)
  4 boggarts (D:11)
  2 centaurs
  3 big kobolds
  5 bullfrogs
  4 scorpions
  2 wyvern skeletons
  4 jellies
  A howler monkey (D:5)
  2 bullfrog zombies
  4 hounds
  6 orc priests
  2 centaur skeletons
  A bullfrog skeleton (D:6)
  4 iguanas
  Natasha (thrice) (D:3)
  15 orc wizards
  10 worker ants
  2 worker ant zombies
  A howler monkey skeleton (D:6)
  3 gnolls (D:4)
  9 adders
  2 shadow imps
  5 white imps
  2 ufetubi
  2 oozes
  2 adder skeletons
  2 worms (D:2)
  2 dart slugs
  4 leopard geckos
  37 orcs
  5 giant cockroaches
  3 goblins
  5 hobgoblins
  13 jackals
  8 quokkas
  3 ball pythons
  7 bats
  6 frilled lizards
  19 kobolds
  5 rats
261 creatures vanquished.

Vanquished Creatures (others)
  An orc warrior (D:8)
  2 kobolds
  3 fungi (D:11)
  25 plants (D:11)
31 creatures vanquished.

Grand Total: 292 creatures vanquished

Notes
Turn   | Place    | Note
-------+----------+-------------------------------------------
     0 | D:1      | Tirrikindir the Octopode Fighter began the quest for the
                  | Orb.
     0 | D:1      | Reached XP level 1. HP: 16/16 MP: 1/1
   216 | D:1      | Reached XP level 2. HP: 19/21 MP: 2/2
   227 | D:1      | You fall into a shaft and drop 1 floor!
   410 | D:2      | Reached skill level 1 in Stealth
   690 | D:1      | Reached XP level 3. HP: 20/26 MP: 3/3
  1337 | D:2      | Found an opulent altar of Gozag.
  1345 | D:2      | Became a worshipper of Gozag Ym Sagoz the Greedy
  2139 | D:3      | Reached XP level 4. HP: 26/31 MP: 4/4
  2142 | D:3      | Gained mutation: Your flesh is cold resistant. (rC+)
                  | [potion of mutation]
  2142 | D:3      | Gained mutation: You have supernaturally acute eyesight.
                  | (SInv) [potion of mutation]
  2305 | D:3      | Noticed Natasha
  2311 | D:3      | Killed Natasha
  2312 | D:3      | Reached skill level 3 in Long Blades
  2763 | D:3      | Noticed Natasha
  2781 | D:3      | Killed Natasha
  2782 | D:3      | Reached XP level 5. HP: 21/36 MP: 5/5
  2801 | D:3      | Noticed Natasha
  2805 | D:3      | Killed Natasha
  3515 | D:4      | Noticed an ogre
  3526 | D:4      | Killed an ogre
  3527 | D:4      | Reached XP level 6. HP: 43/43 MP: 6/6
  3544 | D:4      | Found a sacrificial altar of Ru.
  3564 | D:4      | Reached skill level 1 in Evocations
  3774 | D:4      | Reached skill level 4 in Long Blades
  3860 | D:4      | Found a shadowy altar of Dithmenos.
  3935 | D:4      | Found a white marble altar of Elyvilon.
  4260 | D:4      | Found an iron altar of Okawaru.
  4510 | D:5      | Entered Level 5 of the Dungeon
  4538 | D:5      | Reached XP level 7. HP: 21/48 MP: 7/7
  4895 | D:5      | Reached skill level 5 in Long Blades
  4895 | D:5      | Found a snail-covered altar of Cheibriados.
  4928 | D:5      | Found a shimmering altar of Xom.
  4928 | D:5      | Found a hazy altar of Hepliaklqana.
  4928 | D:5      | Found a radiant altar of Vehumet.
  5102 | D:5      | Reached skill level 6 in Long Blades
  5113 | D:5      | Found a staircase to the Ecumenical Temple.
  5152 | Temple   | Entered the Ecumenical Temple
  5761 | D:5      | You fall into a shaft and drop 2 floors!
  5773 | D:7      | Reached XP level 8. HP: 33/54 MP: 8/8
  5805 | D:7      | Reached skill level 7 in Long Blades
  6367 | D:5      | Reached skill level 8 in Long Blades
  6762 | D:5      | Bought a glowing scimitar for 217 gold pieces
  6820 | D:6      | Found an ancient bone altar of Kikubaaqudgha.
  6911 | D:6      | Found an ornate altar of the Wu Jian Council.
  7132 | D:6      | Found a basalt altar of Yredelemnul.
  7301 | D:6      | Reached XP level 9. HP: 39/59 MP: 9/9
  7692 | D:6      | Reached skill level 5 in Stealth
  7699 | D:6      | Reached skill level 5 in Dodging
  7699 | D:6      | Reached skill level 5 in Shields
  8281 | D:5      | Bought a runed scimitar for 217 gold pieces
  8281 | D:5      | Bought a polished short sword for 248 gold pieces
  8288 | D:5      | Identified the +4 short sword "Setid" {drain, Int+4 Dex+5}
                  | (You bought it in a shop on level 5 of the Dungeon)
  8603 | D:7      | Found an ornate altar of the Wu Jian Council.
  9088 | D:8      | Reached skill level 9 in Long Blades
  9154 | D:8      | Reached skill level 5 in Fighting
  9370 | D:8      | Found Isouhaerro's Antique Weapon Boutique.
  9970 | D:8      | Reached XP level 10. HP: 66/66 MP: 10/10
 10979 | D:9      | Found a stormy altar of Qazlal.
 11499 | D:10     | Entered Level 10 of the Dungeon
 11929 | D:10     | Found Toxzaguj's Elemental Accessories.
 12251 | D:10     | Found a glowing golden altar of the Shining One.
 12622 | D:11     | Reached skill level 10 in Long Blades
 12667 | D:11     | Noticed a four-headed hydra
 12667 | D:11     | Noticed a tengu warrior
 12683 | D:11     | Noticed a purple ugly thing
 12694 | D:11     | Killed a purple ugly thing
 12695 | D:11     | Reached skill level 5 in Evocations
 12695 | D:11     | Reached XP level 11. HP: 72/72 MP: 11/11
 12755 | D:11     | Found a staircase to the Orcish Mines.
 13100 | D:11     | Noticed Erica
 13112 | D:11     | Killed Erica
 13115 | D:11     | Found a staircase to the Lair.
 13467 | D:11     | Noticed a red ugly thing
 13480 | D:11     | Slain by a red ugly thing

Illustrated notes

Levels and vault maps discovered:
D:1:      lightli_arrival_statue_moat, layout_basic, minmay_heptomino_d4
D:2:      layout_basic, grunt_gozag_breadcrumbs
D:3:      layout_loops_ring, roderic_roman_lattice, uniq_natasha
D:4:      layout_loops_corners, okawaru_gym_becter, hangedman_ru_absence,
          elyvilon_altar_1, nicolae_dithmenos_through_a_glass_darkly
D:5:      layout_loops_ring, chequers_temple_overflow_statue_of_worship,
          minmay_temple_entry_overgrown
D:6:      layout_layer_cave, kennysheep_mini, lemuel_crystal_altar,
          kennysheep_mini_moat, grunt_decor_fettered, minivault_22,
          chequers_serial_rivers_marsh, minmay_fractal_squares_diagonal_5
D:7:      layout_cave_pools, basic_altar, minmay_crystal_room,
          minmay_misc_feat_columns
D:8:      layout_basic, serial_rivers, chequers_serial_rivers_micro_e,
          chequers_serial_rivers_micro_c, chequers_serial_rivers_small_3,
          chequers_serial_rivers_micro_c, chequers_serial_rivers_micro_c,
          chequers_serial_rivers_room_b, serial_shops, shop
D:9:      layout_basic, lemuel_crystal_altar, minmay_misc_feat_rows
D:10:     layout_gridville, nicolae_elemental_shop, nicolae_tso_carved_into_rock
D:11:     layout_basic, minmay_lair_entry_grove, orc_0_dummy,
          jmf_multi_god_temple2, uniq_erica, uniq_erolcha, uniq_grum
Temple:   jpeg_temple_island

Skill      XL: |  1  2  3  4  5  6  7  8  9 10 11 |
---------------+----------------------------------+-----
Stealth        | 1 2 3 4 6 7 8 |  8.0
Long Blades    | 3 4 6 8 9 10 | 10.5
Evocations     | 1 2 3 5 |  5.5
Fighting       | 4 5 6 |  6.3
Dodging        | 4 6 7 8 |  8.0
Shields        | 4 6 7 8 |  8.0

Action                   |  1- 3 |  4- 6 |  7- 9 | 10-12 || total
-------------------------+-------+-------+-------+-------++-------
Melee: Long sword        |    72 |    87 |    99 |       ||   258
       Constrict         |    20 |    27 |    57 |    37 ||   141
       Tentacles         |    14 |    25 |    58 |    55 ||   152
       Scimitar          |       |       |   131 |   251 ||   382
Throw: Boomerang         |     2 |       |    23 |    12 ||    37
Invok: Call Merchant     |       |       |     1 |     1 ||     2
Evoke: Wand              |       |       |       |     1 ||     1
  Use: Scroll            |     8 |     5 |     7 |     1 ||    21
       Potion            |       |     1 |     2 |     7 ||    10
 Stab: Sleeping          |    10 |    14 |    15 |     8 ||    47
       Distracted        |       |       |     1 |     1 ||     2
       Paralysed         |       |       |       |     4 ||     4
Armor: Skin              |     2 |     4 |     7 |     3 ||    16
Dodge: Dodged            |    21 |    19 |    57 |    61 ||   158
Block: Kite shield       |    37 |    56 |   186 |   185 ||   464
       Reflection        |       |     1 |    14 |     5 ||    20
       Rpst.: Long sword |     9 |     7 |     8 |       ||    24
       Scimitar          |       |       |    10 |    10 ||    20
